AoeStats
← [La14]Uvita

Arabia

510149646Analyzed
1v1 RM · 3d ago on Sep 29, 2026· 33m 25s· 2 players
Game mode
Random Map
Map size
Tiny (2 player)
Population
200
Speed
Normal
Resources
Standard
Victory
Conquest
Starting age
Dark Age
Ending age
Imperial Age
RankedLock teamsTeams togetherTeam positionsShared explorationLock speedFull tech treeHidden civsTurbo modeCheats
Victory
Defeat
🇦🇷 Magyars · Argentina
926
+14
🇨🇱 Mongols · Chile
885
-14
Sir Paul
7:04 Loom
9:53 Feudal Age
11:38 Wheelbarrow
11:24 Man-at-Arms
24:31 Castle Age
25:59 Pikeman
26:46 Double-Bit Axe
30:02 Town Watch
[La14]Uvita
3:04 Loom
6:03 Loom
9:34 Feudal Age
11:19 Double-Bit Axe
12:13 Horse Collar
18:37 Fletching
19:03 Gold Mining
21:44 Castle Age
20:33 Bloodlines
22:15 Scale Barding Armor
22:46 Elite Skirmisher
24:36 Padded Archer Armor
26:31 Bodkin Arrow
27:56 Chain Barding Armor
28:04 Heavy Plow
29:16 Leather Archer Armor
30:40 Wheelbarrow
32:16 Ballistics
32:03 Stone Mining
32:58 Husbandry
33:36 Town Watch
Connection lost

Rejoining the realm…

Still unreachable

The connection could not be restored.

Session expired

The server has moved on; the page needs a fresh start.